 Dungeon Crawl Stone Soup version 0.30-b1-2-g02819fbbbe (webtiles) character file.

Game seed: 10876462415526412083

4 Borgoz the Sneak (level 1, -2/11 HPs)
             Began as a Kobold Enchanter on June 25, 2023.
             Slain by a quokka (3 damage)
             ... on level 1 of the Dungeon.
             The game lasted 00:01:14 (159 turns).

Borgoz the Sneak (Kobold Enchanter)                  Turns: 159, Time: 00:01:15

Health: -2/11      AC:  2    Str:  5    XL:     1   Next: 77%
Magic:  3/3        EV: 15    Int: 16    God:
Gold:   12         SH:  0    Dex: 15    Spells: 4/4 levels left

rFire   . . .        a - +1 dagger
rCold   . . .        (no shield)
rNeg    . . .        b - +0 robe
rPois   .            (no helmet)
rElec   .            (no cloak)
rCorr   .            (no gloves)
SInv    .            (no boots)
Will    .....        (no amulet)
Stlth   ++++         (no ring)
HPRegen 0.21/turn    (no ring)
MPRegen 0.08/turn

%: no passive effects
@: no status effects
A: small, no large weapons, nightstalker 3
a: no special abilities


You were on level 1 of the Dungeon.
You visited 1 branch of the dungeon, and saw 1 of its levels.

You collected 12 gold pieces.

Inventory:

Hand Weapons
 a - a +1 dagger (weapon)
Armour
 b - a +0 robe (worn)
Potions
 c - 2 potions of invisibility
 d - a potion of heal wounds {unknown}
 e - a potion of might {unknown}
 f - a potion of resistance {unknown}


   Skills:
 * Level 0.3 Fighting
 * Level 1.6 Short Blades
 * Level 2.5 Dodging
 + Level 4.0 Stealth
 + Level 2.2 Spellcasting
 + Level 3.0 Hexes


You had 4 spell levels left.
You didn't know any spells.
Your spell library contained the following spells:

 Spells                   Type           Power      Damage    Failure   Level
 Ensorcelled Hibernation  Hex/Ice        12%        N/A       17%         2
 Confusing Touch          Hex            11%        N/A       17%         3
 Tukima's Dance           Hex            11%        N/A       17%         3
 Dazzling Flash           Conj/Hex       12%        N/A       32%         3


Dungeon Overview and Level Annotations

Branches:
Dungeon (1/15)

Altars:


Innate Abilities, Weirdness & Mutations

You are small and have problems with some larger weapons.
You are completely attuned to the shadows.


Message History

A quokka comes into view.
A hobgoblin comes into view.
Found a club and a book of Frost.
A kobold comes into view. It is wielding a +0 club.
The hobgoblin misses you.
There are monsters nearby!
You hit the hobgoblin.
The hobgoblin is heavily wounded.
The kobold shouts!
The hobgoblin misses you.
You barely miss the hobgoblin.
The hobgoblin is heavily wounded.
The quokka bites you. The hobgoblin hits you.
You barely miss the hobgoblin.
The hobgoblin is heavily wounded.
The quokka barely misses you.
An endoplasm comes into view.
The hobgoblin misses you.
You barely miss the hobgoblin.
The hobgoblin is heavily wounded.
The quokka barely misses you. The kobold hits you with a +0 club.
The hobgoblin closely misses you. The hobgoblin attacks as you move away!
The hobgoblin hits you. The kobold attacks as you move away!
The kobold barely misses you. The quokka attacks as you move away!
The quokka closely misses you. The quokka bites you. The quokka misses you.
The quokka twitches its whiskers.
The kobold hits you with a +0 club. The quokka attacks as you move away!
The quokka closely misses you. The kobold attacks as you move away!
The kobold barely misses you. The quokka closely misses you.
The quokka attacks as you move away! The quokka bites you.
* * * LOW HITPOINT WARNING * * *
The quokka attacks as you move away! The quokka misses you.
The quokka attacks as you move away! The quokka completely misses you.
The quokka bites you.
* * * LOW HITPOINT WARNING * * *
You closely miss the quokka. The quokka bites you.
You die...

##).##........†.....
#.........#####....P
#.####.........PP♣P♣
###.####....#####.♣♣♣♣
#.....##....# ##.(P.♣
#.....##....###....P♣P
.............K.J.....P.
.#..>..##..♣r♣...........
...........♣@♣####..##.)#
#....###.#♣.♣ #..##..#
#.#.## .#♣.♣ #......#
#.#..# ♣.♣ ##.#...#
#.##.# ♣.♣ #.#...# #.##.#
#.#.J.# #.##.# #....:#
######.##.# ......#
#......##.###.


You could see a quokka and a kobold.

Vanquished Creatures
  A ball python (D:1)
  A frilled lizard (D:1)
  A goblin (D:1)
  2 kobolds (D:1)
  A rat (D:1)
6 creatures vanquished.

Notes
Turn   | Place    | Note
-------+----------+-------------------------------------------
     0 | D:1      | Borgoz the Kobold Enchanter began the quest for the Orb.
     0 | D:1      | Reached XP level 1. HP: 10/10 MP: 3/3
   103 | D:1      | Found a faded altar of an unknown god.
   159 | D:1      | Slain by a quokka

Illustrated notes

Levels and vault maps discovered:
D:1:      minmay_arrival_shoal_huts, layout_loops_ring, serial_forest,
          infiniplex_forest_straight_3, infiniplex_forest_lined_ring,
          infiniplex_forest_clump_double, infiniplex_forest_zigzag_1,
          infiniplex_forest_clump_curved, infiniplex_forest_lined_2,
          hellmonk_ecumenical_altar_pennies_from_heaven

Action                     || total
---------------------------++-------
  Melee: Dagger            ||    16
   Stab: Sleeping          ||     3
 Armour: Robe              ||     1
  Dodge: Dodged            ||    21
